 Dungeon Crawl Stone Soup version 0.20.1-1-g8b1a95d (console) character file.

34 bli the Conjurer (level 3, 0/19 HPs)
             Began as a Gargoyle Conjurer on Aug 19, 2017.
             Slain by a worm (6 damage)
             ... on level 2 of the Dungeon.
             The game lasted 00:03:35 (1225 turns).

bli the Conjurer (Gargoyle Conjurer)                Turns: 1225, Time: 00:03:35

Health: 0/19       AC:  8    Str: 11    XL:     3   Next: 31%
Magic:  0/6        EV: 12    Int: 16    God:
Gold:   44         SH:  0    Dex: 10    Spells: 3/6 levels left

rFire    . . .     SeeInvis .   e - +0 club
rCold    . . .     Gourm    .   (no shield)
rNeg     + . .     Faith    .   a - +0 robe
rPois    ∞         Spirit   .   (no helmet)
rElec    +         Reflect  .   (no cloak)
rCorr    .         Harm     .   o - +2 pair of gloves
MR       .....                  (no boots)
Stlth    ++........             (no amulet)
Regen    0.1/turn               (no ring)
MPRegen  0.1/turn               (no ring)

@: no status effects
A: negative energy resistance 1, electricity resistance, unbreathing,
petrification resistance, rot immunity, AC +3
a: no special abilities


You were on level 2 of the Dungeon.
You were hungry.

You visited 1 branch of the dungeon, and saw 2 of its levels.

You collected 44 gold pieces.

Inventory:

Hand Weapons
 e - a +0 club (weapon)
Missiles
 k - 29 stones (quivered)
Armour
 a - a +0 robe (worn)
 h - a +0 shield
 o - a +2 pair of gloves (worn)
Scrolls
 d - a scroll of recharging {unknown}
 g - 2 scrolls of identify {unknown}
 m - a scroll of random uselessness {unknown}
 n - a scroll of remove curse {unknown}
Potions
 f - a potion of curing {unknown}
 j - a potion of magic {unknown}
Books
 b - a book of Conjurations

   Spells                             Type                      Level
   a - Magic Dart                     Conjuration                  1
   b - Searing Ray                    Conjuration                  2
   c - Dazzling Spray                 Conjuration/Hexes            3
   d - Fulminant Prism                Conjuration/Hexes            4
   e - Force Lance                    Conjuration/Translocation    4
   f - Iskenderun's Mystic Blast      Conjuration                  4
Comestibles
 c - a bread ration
 i - 3 chunks of flesh
 l - a royal jelly


   Skills:
 + Level 1.8 Dodging
 + Level 2.5 Stealth
 * Level 2.3 Spellcasting
 + Level 5.0 Conjurations


You had 3 spell levels left.
You knew the following spells:

 Your Spells              Type           Power        Failure   Level  Hunger
a - Magic Dart            Conj           ###.         2%          1    #......
r - Searing Ray           Conj           ###...       3%          2    ###....


Dungeon Overview and Level Annotations

Branches:
Dungeon (2/15)

Altars:


Innate Abilities, Weirdness & Mutations

You are resistant to torment.
Your stone body is resilient. (AC +3)
You are immune to poison.
You resist negative energy. (rN+)
You are resistant to electric shocks. (rElec)
You can survive without breathing.
You are immune to petrification.
You are immune to rotting.


Message History

The stone hits the worm but does no damage.
The worm is severely wounded.
Throwing (i - inventory):
k - 30 stones (quivered)
Press: ? - help, Shift-Dir - straight line, f/p - worm
Aim: a worm (heavily wounded)
You throw a stone.
The stone hits the worm but does no damage.
The worm is heavily wounded.
Some of the chunks of flesh in your inventory have rotted away.
Casting: Magic Dart
Confirm with . or Enter, or press ? or * to list all spells.
Aiming: Magic Dart
Press: ? - help, Shift-Dir - straight line, f/p - worm
Aim: a worm (heavily wounded)
The magic dart hits the worm.
The worm is severely wounded.
You hit the worm.
The worm is severely wounded.
The worm bites you.
You die...

########...##### ###
#.............## ##### ..#
#.######...##.## #...########.#
#.# ##.###.## #.........##.# #.#
#.# #.##
#...#####.##.####.#######.# #.##
##.## #.........#.......###.##
#.# ####.######..........#.. #.#
##.# #.......###.##
###.########.<######.............
#......(.(..((.w@..........###.##
.............######....(...# #.#
..#.#######..#####.........# #.#
#.#.### #..##.........#### #.##
#......# #..##.#....<.#######...
..#.#.#.###).##..##..............
.....###........#)#...###########
#.###.#.#####..........##########
..####.## #.#####..............
#......# #.# #.##.##########
#..##### #.# #.#.#.######


You could see a worm.

Vanquished Creatures
  An ooze (D:2)
  2 leopard geckos (D:1)
  9 bats
  A giant cockroach (D:2)
  2 goblins (D:2)
  2 hobgoblins (D:1)
  2 kobolds (D:1)
  A quokka (D:2)
  2 ball pythons
  4 rats (D:1)
26 creatures vanquished.

Notes
Turn   | Place    | Note
-------+----------+-------------------------------------------
     0 | D:1      | bli the Gargoyle Conjurer began the quest for the Orb.
     0 | D:1      | Reached XP level 1. HP: 10/10 MP: 3/3
   318 | D:1      | Reached XP level 2. HP: 15/15 MP: 3/5
   924 | D:2      | Reached XP level 3. HP: 19/19 MP: 3/6
  1132 | D:2      | Reached skill level 5 in Conjurations
  1137 | D:2      | Learned a level 2 spell: Searing Ray
  1225 | D:2      | Slain by a worm

Skill      XL: |  1  2  3 |
---------------+----------+-----
Conjurations   | 5 |  5.0
Dodging        | |  1.8
Stealth        | |  2.5
Spellcasting   | |  2.3

Action                   || total
-------------------------++-------
Melee: Unarmed           ||     8
       Club              ||    17
Throw: Stone             ||     6
 Cast: Magic Dart        ||    50
  Eat: Chunk             ||     1
Armor: Robe              ||     5
Dodge: Dodged            ||     9
